 Dungeon Crawl Stone Soup version 0.31.0-4-g52a2dc7128 (webtiles) character file.

Game seed: 1269992858352177582

82587 BeingJoeMalik the Spear-Bearer (level 15, -16/154 HPs)
             Began as a Troll Fighter on Jan 22, 2024.
             Was a Believer of Yredelemnul.
             Demolished by a very large slime creature (42 damage)
             ... on level 15 of the Dungeon.
             The game lasted 01:43:38 (21945 turns).

BeingJoeMalik the Spear-Bearer (Troll Fighter)     Turns: 21945, Time: 01:43:39

Health: -16/154    AC: 15    Str: 33    XL:     15   Next: 29%
Magic:  20/20      EV: 16    Int: 12    God:    Yredelemnul [**....]
Gold:   146        SH: 16    Dex:  8    Spells: 14/14 levels left

rFire   . . .        a - +1 trident (protect)
rCold   . . .        V - +5 Storm Queen's Shield {shock, Fly rElec}
rNeg    + + .        b - +0 robe
rPois   .            B - +2 hat
rElec   +            G - scarf {shadows}
rCorr   .            (gloves unavailable)
SInv    .            (boots unavailable)
Will    +....        H - amulet of faith
Stlth   +            o - +6 ring of strength
HPRegen 1.25/turn    j - ring "Arril" {+Blink rElec rN++ EV+5 Dex-2}
MPRegen 0.17/turn

%: faith
@: under a protective aura, flying
A: large, unfitting armour, claws 3, regeneration 1, shaggy fur 1, tough skin 1,
iridescent scales 1, clever 1, high MP 1, inability to drink after injury 1,
sturdy frame 1
a: Renounce Religion, Evoke Blink, Recall Undead Harvest, Dark Bargain


You were on level 15 of the Dungeon.
You worshipped Yredelemnul.
Yredelemnul was noncommittal.
You visited 3 branches of the dungeon, and saw 22 of its levels.
You also visited: Bailey and Ice Cave.

You collected 2318 gold pieces.
You spent 2172 gold pieces at shops.

Inventory:

Hand Weapons
 a - a +1 trident of protection (weapon)
 q - a +1 sling of draining
Missiles
 d - a curare-tipped dart
 f - 7 javelins
 m - 23 poisoned darts
 A - 22 large rocks (quivered)
Armour
 b - a +0 robe (worn)
 B - a +2 hat (worn)
 G - a scarf of shadows (worn)
 N - the +1 cloak of the Butcher {rCorr}
   (You bought it in a shop on level 9 of the Dungeon)

   rCorr:     It protects you from acid and corrosion.
 V - the +5 Storm Queen's Shield (worn) {shock, Fly rElec}
   (You bought it in a shop on level 9 of the Dungeon)

   Shock:     When it blocks an attack, it may electrocute the attacker.
   This works even against foes who are a short distance away.
   rElec:     It insulates you from electricity.
   Fly:       It grants you flight.
Jewellery
 e - a ring of see invisible
 j - the ring "Arril" (right claw) {+Blink rElec rN++ EV+5 Dex-2}
   (You acquired it in a bailey)

   [ring of evasion]

   EV+5:      It affects your evasion (+5).
   Dex-2:     It affects your dexterity (-2).
   rElec:     It insulates you from electricity.
   rN++:      It greatly protects you from negative energy.
   +Blink:    It lets you blink.
 o - a +6 ring of strength (left claw)
 D - a +6 ring of intelligence
 H - an amulet of faith (around neck)
 I - a ring of resist corrosion
 Q - a ring of protection from fire
Wands
 s - a wand of roots (11)
 v - a wand of polymorph (4)
 z - a wand of flame (44)
 K - a wand of paralysis (22)
 T - a wand of quicksilver (2)
Scrolls
 h - 4 scrolls of enchant weapon
 k - a scroll of immolation
 n - 3 scrolls of fog
 r - 2 scrolls of butterflies
 u - 2 scrolls of teleportation
 w - 2 scrolls of silence
 y - 2 scrolls of blinking
 J - 2 scrolls of amnesia
 L - 4 scrolls of identify
 M - 3 scrolls of enchant armour
 P - 2 scrolls of revelation
 U - a scroll of brand weapon
 Z - a scroll of fear
Potions
 c - a potion of berserk rage
 g - 2 potions of enlightenment
 i - 4 potions of curing
 p - 4 potions of ambrosia
 t - a potion of mutation
 x - a potion of brilliance
 C - 4 potions of heal wounds
 O - a potion of haste
 R - a potion of magic
 Y - 2 potions of invisibility
Miscellaneous
 S - a phial of floods (inert)
 X - a condenser vane


   Skills:
 + Level 11.2 Fighting
 - Level 14.5 Polearms
 + Level 9.0 Dodging
 + Level 12.6 Shields
 - Level 6.2 Invocations


You had 14 spell levels left.
You didn't know any spells.
Your spell library contained the following spells:

 Spells                   Type           Power      Damage    Failure   Level
 Apportation              Tloc           0%         N/A       43%         1
 Kiss of Death            Conj/Necr      0%         2d5       43%         1
 Necrotise                Necr           0%         1d4       43%         1
 Sting                    Conj/Alch      0%         1d3       43%         1
 Summon Small Mammal      Summ           0%         N/A       43%         1
 Cigotuvi's Dreadful Rot  Necr/Alch/Air  0%         N/A       56%         2
 Confusing Touch          Hex            0%         N/A       80%         3
 Hailstorm                Conj/Ice       0%         3d5       80%         3
 Summon Ice Beast         Ice/Summ       0%         N/A       80%         3
 Airstrike                Air            0%         2d(0-16)  99%         4
 Dispel Undead            Necr           0%         3d6       99%         4
 Ignite Poison            Fire/Alch      0%         N/A       99%         4
 Passage of Golubria      Tloc           0%         N/A       99%         4
 Freezing Cloud           Conj/Ice/Air   0%         6-21      100%        5
 Silence                  Hex/Air        0%         N/A       100%        5
 Summon Mana Viper        Hex/Summ       0%         N/A       100%        5
 Sculpt Simulacrum        Ice/Alch       0%         N/A       100%        6
 Monstrous Menagerie      Summ           0%         N/A       100%        7
 Ozocubu's Refrigeration  Ice            0%         4d7       100%        7
 Spellforged Servitor     Conj/Summ      0%         N/A       100%        7
 Lehudib's Crystal Spear  Conj/Erth      0%         10d2      100%        8
 Polar Vortex             Ice            0%         N/A       100%        9


Dungeon Overview and Level Annotations

Branches:
Dungeon (15/15)            Temple (0/1) D:7            Lair (5/5) D:8
  Swamp (0/4) Lair:2        Snake (0/4) Lair:2        Slime (0/5) Lair:4
    Orc (2/2) D:9             Elf (0/3) Orc:2        Vaults (0/5) D:14
 Bailey (visited)           IceCv (visited)
 Depths: D:15

Altars:
Cheibriados
Elyvilon
Gozag
Hepliaklqana
Makhleb
Nemelex Xobeh
Okawaru
Qazlal
Ru
Sif Muna
Vehumet
Wu Jian
Yredelemnul
The Shining One
Jiyva

Shops:
D:1 =   D:2 ?   D:6 ?:!   D:9 [![**   Orc:2 *:!!


Innate Abilities, Weirdness & Mutations

You are too large for most types of armour.
You have claws for hands.
Your natural rate of healing is unusually fast.
You are covered in fur. (AC +1)
You have tough skin. (AC +1)
You are partially covered in iridescent scales. (AC +2)
Your mind is acute. (Int +4, Str/Dex -1)
You have an increased reservoir of magic. (+10% MP)
You occasionally lose the ability to drink potions when taking damage.
Your movements are slightly less encumbered by armour. (ER -2)


Message History

The very large slime creature closely misses you.
You puncture the very large slime creature!
The very large slime creature is moderately wounded.
You hit the very large slime creature.
The very large slime creature is moderately wounded.
The very large slime creature hits you but does no damage.
You completely miss the very large slime creature.
The very large slime creature is moderately wounded.
The very large slime creature hits you!!!
You hear a shout! x2
You hit the very large slime creature but do no damage.
The very large slime creature is moderately wounded.
Unknown command.
You impale the very large slime creature!!
The very large slime creature is moderately wounded.
You block the very large slime creature's attack.
Your slime creature zombie hits the very large slime creature! x2
You puncture the very large slime creature!
The very large slime creature is heavily wounded.
You block the very large slime creature's attack.
You completely miss the very large slime creature.
The very large slime creature is heavily wounded.
Your slime creature zombie hits the very large slime creature!
Your slime creature zombie hits the very large slime creature.
You puncture the very large slime creature!
The very large slime creature is severely wounded.
The very large slime creature hits you!!!
Your slime creature zombie hits the very large slime creature.
Your slime creature zombie hits the very large slime creature!
The very large slime creature attacks as it pursues you!
The very large slime creature hits you!!!
* * * LOW HITPOINT WARNING * * *
You hear a shout!
Your slime creature zombie hits the very large slime creature.
The very large slime creature attacks as it pursues you!
You block the very large slime creature's attack.
The very large slime creature attacks as it pursues you!
The very large slime creature hits you!!!
You die...
Your body rises from the dead as a mindless zombie.

#...#...# ...#...#
#. ......#
#...###.....# #
..8.....Z...###.#
.....##.Z.......#
#... #..........#
##. +#..J......# #
#...@.###. #.....#
#.....###.#
#.........#
#.....#+#########
#.###.# #.......
##.....####'######
..................
......#..#.<......


You could see a very large slime creature (ally target) and 2 friendly slime
creature zombies.

Vanquished Creatures
  Jorgrun (D:14)
  Rupert (D:12)
  Roxanne (D:14)
  An ironbound preserver (D:14)
  An ice dragon (IceCv)
  2 vault guards (Bailey)
  An ogre mage (Orc:2)
  A boulder beetle (D:14)
  4 centaur warriors
  A hydra (D:14)
  Erica (D:11)
  5 two-headed ogres
  A catoblepas (D:14)
  4 orc high priests
  Nergalle (D:12)
  5 orc knights
  A deep elf pyromancer (D:14)
  3 orc sorcerers (Orc:2)
  4 cyclopes
  3 ugly things
  2 manticores
  A meliai (D:14)
  2 kobold blastminers (Orc:2)
  2 black mambas
  2 ice statues (IceCv)
  5 cane toads
  5 komodo dragons
  6 rime drakes
  Psyche (D:11)
  2 tengu conjurers (D:14)
  An ice devil (Lair:2)
  A polar bear (Lair:5)
  4 trolls
  3 blink frogs
  2 hornets (Lair:5)
  Prince Ribbit (D:5)
  2 dream sheep (Lair:3)
  Sigmund (D:4)
  12 slime creatures
  6 spriggans (Lair:5)
  3 wyverns
  A vampire (D:12)
  5 wraiths
  5 humans (Bailey)
  27 yaks
  2 basilisks (Lair:5)
  A warg (D:9)
  6 vampire mosquitoes
  3 steam dragons
  Menkaure (D:6)
  Edmund (D:4)
  2 acid dragons
  11 water moccasins
  2 ice beasts
  19 orc warriors
  2 black bears
  2 laughing skulls (D:13)
  A boggart (Lair:5)
  6 ogres
  20 centaurs
  9 wolves (Lair:5)
  A phantom (D:5)
  2 kobold brigands
  Blork the orc (D:4)
  8 bullfrogs
  2 scorpions (D:5)
  7 wights
  4 lindwurm simulacra (IceCv)
  5 howler monkeys
  7 electric eels
  4 hounds
  3 komodo dragon simulacra (IceCv)
  Crazy Yiuf (D:5)
  A bombardier beetle (D:5)
  A jelly (Lair:4)
  2 gnoll boudas
  21 orc priests
  An iguana (D:4)
  Ijyb (D:5)
  2 sleepcaps
  18 orc wizards
  11 gnolls
  7 acid dragon simulacra (IceCv)
  7 adders
  3 shadow imps
  3 white imps
  4 ufetubi
  7 steam dragon simulacra (IceCv)
  3 dart slugs
  A ribbon worm (D:2)
  44 orcs
  3 endoplasms
  2 giant cockroaches
  7 hobgoblins
  6 kobolds
  A quokka (D:3)
  6 ball pythons
  A bat (D:3)
  5 goblins
  An orc zombie (Orc:2)
  4 rats
450 creatures vanquished.

Vanquished Creatures (collateral kills)
  2 hydras
  The ghost of Iplucs the Ripper, a journeyman FeBe of Trog (D:13)
  A centaur warrior (D:13)
  A boulder beetle (Lair:5)
  A tengu warrior (D:13)
  A fire crab (shapeshifter) (D:14)
  2 skysharks
  4 black mambas
  A gargoyle (D:14)
  6 cane toads
  2 rime drakes
  4 komodo dragons
  An ice devil (Lair:2)
  2 trolls
  2 hornets (Lair:5)
  5 polar bears (Lair:5)
  10 blink frogs
  4 dream sheep
  4 slime creatures
  7 spriggans (Lair:5)
  A wyvern (Lair:5)
  A human (Bailey)
  5 basilisks
  27 yaks
  A warg (Orc:2)
  A steam dragon (shapeshifter) (D:14)
  A swamp worm (Lair:2)
  15 water moccasins
  3 orc warriors (Orc:1)
  A sky beast (D:7)
  2 centaurs
  4 boggarts (Lair:5)
  2 black bears (Lair:5)
  18 wolves
  8 bullfrogs
  A scorpion (D:6)
  A wight (D:9)
  An electric eel (D:8)
  2 hounds
  2 orc priests (Orc:2)
  3 jellies
  An iguana (D:5)
  3 orc wizards
  A gnoll (Bailey)
  2 adders
  A white imp (D:5)
  A ribbon worm (D:2)
  2 dart slugs
  10 orcs
  2 endoplasms (D:2)
  4 goblins
  A hobgoblin (D:4)
  A ball python (D:3)
  A bat (D:2)
191 creatures vanquished.

Vanquished Creatures (others)
  An ugly thing zombie (D:13)
  A spectral orc (Orc:2)
  A catoblepas zombie (D:14)
  A tengu conjurer (D:14)
  A hydra zombie (D:14)
  A boulder beetle zombie (Lair:5)
  A meliai zombie (D:14)
  2 black mamba zombies
  4 slime creature zombies
  A two-headed ogre zombie (D:8)
  2 cane toad zombies
  A dream sheep zombie (Lair:5)
  A manticore zombie (D:14)
  5 blink frog zombies
  2 rime drake zombies
  2 kobold zombies (Orc:2)
  A komodo dragon zombie (Lair:4)
  A wyvern zombie (Lair:5)
  3 water moccasin zombies
  A cyclops zombie (D:14)
  A tengu zombie (D:14)
  13 yak zombies
  3 polar bear zombies (Lair:5)
  8 spriggan zombies (Lair:5)
  12 wolf zombies
  9 centaur zombies
  2 basilisk zombies
  8 bullfrog zombies
  2 black bear zombies (Lair:5)
  A boggart zombie (Lair:5)
  An orc wizard (Orc:2)
  2 scorpion zombies
  3 ogre zombies
  3 hound zombies
  2 howler monkey zombies
  A gnoll (D:5)
  6 human zombies
  A steam dragon zombie (D:14)
  An ufetubus (D:5)
  2 adder zombies (D:5)
  A goblin zombie (D:5)
  An iguana zombie (D:5)
  45 orc zombies
  A spectral white imp (D:5)
  A spectral shadow imp (D:6)
  A dart slug zombie (D:5)
  An endoplasm zombie (D:4)
  A giant cockroach zombie (D:4)
  5 gnoll zombies
  3 hobgoblin zombies (Bailey)
  3 spectral ufetubi
177 creatures vanquished.

Grand Total: 818 creatures vanquished

Notes
Turn   | Place    | Note
-------+----------+-------------------------------------------
     0 | D:1      | BeingJoeMalik the Troll Fighter began the quest for the
                  | Orb.
     0 | D:1      | Reached XP level 1. HP: 22/22 MP: 0/0
    71 | D:1      | Found Koroeru's Jewellery Emporium.
   165 | D:1      | Reached skill level 2 in Polearms
   341 | D:1      | Found a faded altar of an unknown god.
   350 | D:1      | Prayed at the altar of an unknown god.
   350 | D:1      | Became a worshipper of Yredelemnul the Dark
   350 | D:1      | Reached * piety under Yredelemnul
   481 | D:2      | Reached XP level 2. HP: 29/29 MP: 1/1
   562 | D:2      | Reached XP level 3. HP: 36/36 MP: 2/2
   563 | D:2      | Reached skill level 3 in Polearms
   565 | D:2      | Found Azejyqur's Magic Scroll Emporium.
   595 | D:2      | Reached ** piety under Yredelemnul
  1636 | D:4      | Noticed an ogre
  1652 | D:4      | Killed an ogre
  1653 | D:4      | Reached skill level 4 in Polearms
  1653 | D:4      | Reached XP level 4. HP: 31/44 MP: 3/3
  1653 | D:4      | Reached XP level 5. HP: 36/50 MP: 4/4
  1696 | D:4      | Noticed Blork the orc
  1709 | D:4      | Killed Blork the orc
  1738 | D:4      | Noticed Edmund
  1747 | D:4      | Your ally Blork died
  1750 | D:4      | Killed Edmund
  1751 | D:4      | Reached skill level 5 in Polearms
  1751 | D:4      | Reached XP level 6. HP: 35/59 MP: 5/5
  1754 | D:4      | Your ally Edmund died
  1891 | D:4      | Noticed Sigmund
  1916 | D:4      | Killed Sigmund
  1917 | D:4      | Reached skill level 6 in Polearms
  1917 | D:4      | Reached XP level 7. HP: 63/66 MP: 6/6
  2087 | D:5      | Entered Level 5 of the Dungeon
  2371 | D:5      | Reached skill level 7 in Polearms
  2506 | D:5      | Noticed a steam dragon
  2524 | D:5      | Killed a steam dragon
  2525 | D:5      | Reached skill level 8 in Polearms
  2525 | D:5      | Reached XP level 8. HP: 47/74 MP: 7/7
  2525 | D:5      | Noticed Prince Ribbit
  2550 | D:5      | Killed Prince Ribbit
  2551 | D:5      | Reached skill level 9 in Polearms
  2560 | D:5      | Your ally Prince Ribbit died
  2871 | D:5      | Reached skill level 10 in Polearms
  2923 | D:5      | Found a sacrificial altar of Ru.
  2957 | D:5      | Noticed Ijyb
  2967 | D:5      | Killed Ijyb
  2968 | D:5      | Reached XP level 9. HP: 77/80 MP: 8/8
  3239 | D:5      | Found a runed translucent door.
  3240 | D:5      | Noticed Crazy Yiuf
  3471 | D:5      | Your ally Ijyb died
  3475 | D:5      | Killed Crazy Yiuf
  3572 | D:6      | Found Peplon's Book Shoppe.
  3775 | D:6      | Noticed Menkaure
  3780 | D:6      | Killed Menkaure
  3828 | D:6      | Found Rexemid's Distillery.
  3834 | D:6      | Bought a potion of degeneration for 14 gold pieces
  3834 | D:6      | Bought a potion of attraction for 42 gold pieces
  3834 | D:6      | Bought a potion of lignification for 42 gold pieces
  3920 | D:6      | Found Poiro's Magic Scroll Shoppe.
  4294 | D:6      | Identified the +1 scale mail "Ittojam" {rF+ Int+3}
  4557 | D:2      | Bought a scroll of identify for 28 gold pieces
  4557 | D:2      | Bought a scroll of identify for 28 gold pieces
  4557 | D:2      | Bought a scroll of identify for 28 gold pieces
  4557 | D:2      | Bought a scroll of identify for 28 gold pieces
  4561 | D:2      | Gained mutation: You have an increased reservoir of magic.
                  | (+10% MP) [potion of mutation]
  4561 | D:2      | Gained mutation: Your mind is acute. (Int +4, Str/Dex -1)
                  | [potion of mutation]
  4561 | D:2      | Gained mutation: You are partially covered in iridescent
                  | scales. (AC +2) [potion of mutation]
  4561 | D:2      | Gained mutation: Your movements are slightly less
                  | encumbered by armour. (ER -2) [potion of mutation]
  4783 | D:7      | Found a staircase to the Ecumenical Temple.
  5048 | D:7      | Reached *** piety under Yredelemnul
  5185 | D:8      | Found a flagged portal.
  5197 | Bailey   | Entered a bailey
  5216 | Bailey   | Reached skill level 11 in Polearms
  5240 | Bailey   | Reached XP level 10. HP: 45/92 MP: 10/10
  5364 | Bailey   | Noticed a vault guard
  5382 | Bailey   | Killed a vault guard
  5458 | Bailey   | Noticed a vault guard
  5488 | Bailey   | Killed a vault guard
  5489 | Bailey   | Reached skill level 5 in Shields
  5552 | Bailey   | Identified a scroll of acquirement
  5552 | Bailey   | Acquired the ring "Arril" {+Blink rElec rN++ EV+5 Dex-2}
  5716 | D:8      | Noticed a two-headed ogre
  5751 | D:8      | Killed a two-headed ogre
  5752 | D:8      | Reached skill level 5 in Fighting
  5752 | D:8      | Reached skill level 12 in Polearms
  6035 | D:8      | Found a staircase to the Lair.
  6108 | D:8      | Found an iron altar of Okawaru.
  6315 | D:9      | Found a radiant altar of Vehumet.
  6315 | D:9      | Found a shimmering blue altar of Sif Muna.
  6369 | D:9      | Noticed an animated crystal plate armour
  6371 | D:9      | Found Lapsappa's Armour Shoppe.
  6373 | D:9      | Noticed an animated gold dragon scales
  6457 | D:9      | Reached XP level 11. HP: 104/104 MP: 11/11
  6589 | D:9      | Noticed a two-headed ogre
  6603 | D:9      | Killed a two-headed ogre
  6604 | D:9      | Reached skill level 5 in Dodging
  6776 | D:9      | Found a stormy altar of Qazlal.
  6811 | D:9      | Found a staircase to the Orcish Mines.
  6854 | D:9      | Identified the blade talisman of Panentheism {rElec Dex+2}
  6985 | D:9      | Found a burning altar of Makhleb.
  7081 | D:9      | Found Vachapa's Antique Armour Boutique.
  7082 | D:9      | Found Fuyfu's Assorted Antiques.
  7147 | D:9      | Found Gadiot's Assorted Antiques.
  7155 | D:9      | Bought a sedimented purple potion for 22 gold pieces
  7256 | D:9      | Found a snail-covered altar of Cheibriados.
  7323 | D:9      | Found Vusudu's Distillery.
  7421 | D:9      | Bought a scroll labelled WUG COTIELIP CUHA for 26 gold
                  | pieces
  7457 | D:10     | Entered Level 10 of the Dungeon
  7615 | Orc:1    | Entered Level 1 of the Orcish Mines
  7897 | D:10     | Found a glowing golden altar of the Shining One.
  7898 | D:10     | Found a white marble altar of Elyvilon.
  7900 | D:10     | Found an opulent altar of Gozag.
  7902 | D:10     | Found a hazy altar of Hepliaklqana.
  7902 | D:10     | Found a basalt altar of Yredelemnul.
  7903 | D:10     | Found a sparkling altar of Nemelex Xobeh.
  8060 | D:9      | Bought a fine cloak for 247 gold pieces
  8060 | D:9      | Identified the +1 cloak of the Butcher {rCorr} (You bought
                  | it in a shop on level 9 of the Dungeon)
  8268 | D:10     | Found an ornate altar of the Wu Jian Council.
  8797 | D:11     | Noticed Erica
  8819 | D:11     | Killed Erica
  8845 | D:11     | Reached skill level 13 in Polearms
  8994 | D:11     | Noticed a two-headed ogre
  9005 | D:11     | Killed a two-headed ogre
  9059 | D:11     | You fall into a shaft and drop 2 floors!
  9131 | D:13     | Noticed a centaur warrior
  9142 | D:13     | Noticed a brown ugly thing
  9148 | D:13     | Killed a centaur warrior
  9149 | D:13     | Reached XP level 12. HP: 110/115 MP: 12/12
  9149 | D:13     | Noticed a two-headed ogre
  9167 | D:13     | Killed a two-headed ogre
  9351 | D:12     | Identified the maw talisman of Objectivity {Int+3}
  9351 | D:12     | Noticed Rupert
  9987 | D:11     | Noticed Psyche
 10007 | D:11     | Killed Psyche
 10257 | D:13     | Reached **** piety under Yredelemnul
 10437 | D:13     | Noticed a centaur warrior
 10458 | D:13     | Killed a centaur warrior
 10459 | D:13     | Reached skill level 14 in Polearms
 10459 | D:13     | Reached skill level 1 in Invocations
 10543 | D:13     | Noticed a tengu warrior
 10565 | D:13     | Killed a tengu warrior
 10566 | D:13     | Reached ***** piety under Yredelemnul
 10677 | D:13     | Found a runed translucent door.
 10677 | D:13     | Noticed Iplucs's ghost (journeyman FeBe)
 10953 | D:13     | Killed Iplucs's ghost
 11119 | D:9      | Bought a glowing hat for 182 gold pieces
 11199 | Lair:1   | Entered Level 1 of the Lair of Beasts
 11528 | Lair:1   | Reached ****** piety under Yredelemnul
 11648 | Lair:1   | Reached XP level 13. HP: 127/127 MP: 15/15
 11951 | Lair:2   | Found a gate leading to a gauntlet.
 11954 | Lair:2   | Found a frozen archway.
 11979 | IceCv    | Entered an ice cave
 12646 | IceCv    | Identified the ring "Dinnejo" {rC- Will- EV+5 Str+5 Dex+3
                  | SInv}
 12650 | IceCv    | Identified the ring of Luck {MP+9 Int+4}
 12761 | IceCv    | Got Ogown's Directory of Lofty Convocation
 13333 | Lair:2   | Found a staircase to the Snake Pit.
 13412 | Lair:2   | Found a staircase to the Swamp.
 14368 | Lair:3   | Noticed Urug
 14618 | Lair:3   | Reached skill level 10 in Shields
 14757 | Lair:3   | Killed Urug
 14757 | Lair:3   | Charmed Urug
 15312 | Lair:4   | Reached skill level 5 in Invocations
 15350 | Lair:4   | Found a staircase to the Slime Pits.
 15350 | Lair:4   | Found a viscous altar of Jiyva.
 15915 | Lair:5   | Entered Level 5 of the Lair of Beasts
 15959 | Lair:5   | Reached XP level 14. HP: 128/140 MP: 18/18
 16650 | Lair:5   | Reached skill level 10 in Fighting
 17659 | Orc:2    | Entered Level 2 of the Orcish Mines
 17709 | Orc:2    | Your ally Urug died
 17860 | Orc:2    | Gained mutation: You occasionally lose the ability to drink
                  | potions when taking damage. [a neqoxec]
 17946 | D:9      | Bought the +5 Storm Queen's Shield {shock, Fly rElec} for
                  | 1140 gold pieces
 17946 | D:9      | Found the +5 Storm Queen's Shield {shock, Fly rElec}
 18560 | Orc:2    | Found a staircase to the Elven Halls.
 19022 | Orc:2    | Paralysed by an orc sorcerer for 3 turns
 19093 | Orc:2    | Found Jeyptiedd's General Store.
 19093 | Orc:2    | Found Vais's Distillery.
 19135 | Orc:2    | Found Feomn's Distillery.
 19135 | Orc:2    | Found Vigado Xylyr's Book Shop.
 19140 | Orc:2    | Bought a potion of heal wounds for 75 gold pieces
 19145 | Orc:2    | Bought a potion of heal wounds for 65 gold pieces
 19148 | Orc:2    | Bought a potion of heal wounds for 65 gold pieces
 19148 | Orc:2    | Bought a potion of heal wounds for 65 gold pieces
 19150 | Orc:2    | Bought a potion of berserk rage for 75 gold pieces
 19381 | D:12     | Killed Rupert
 20035 | D:12     | Noticed Nergalle
 20048 | D:12     | Killed Nergalle
 20378 | D:14     | Reached XP level 15. HP: 133/152 MP: 20/20
 20689 | D:14     | Noticed Jorgrun
 20902 | D:14     | Noticed Roxanne
 20952 | D:14     | Killed Roxanne
 21420 | D:14     | Killed Jorgrun
 21544 | D:14     | Found a gate to the Vaults.
 21797 | D:15     | Entered Level 15 of the Dungeon
 21945 | D:15     | Demolished by a very large slime creature

Illustrated notes

Levels and vault maps discovered:
D:1:      dpeg_arrival_rhombus, layout_rooms, serial_shops,
          nicolae_shop_crystal, shapermc_ecumenical_altar_mp_urbaneastern
D:2:      layout_basic, serial_shops, shop
D:3:      layout_basic, chequers_avenue
D:4:      layout_rooms, kennysheep_generic_room_3, uniq_sigmund,
          uniq_blork_the_orc, uniq_edmund
D:5:      cheibrodos_fzero, layout_basic, nicolae_ru_the_path_less_chosen,
          uniq_crazy_yiuf_cottage, uniq_prince_ribbit1, uniq_ijyb
D:6:      minmay_clustersquares, layout_loops_ring, serial_shops,
          nicolae_shop_rolling_square, shop, nicolae_shop_waterfront,
          uniq_menkaure
D:7:      layout_basic, minmay_temple_entry_grid, minmay_misc_feat_pillars
D:8:      layout_basic, mainiacjoe_overflow_alcove_4, lair_entry_dummy,
          enter_bailey_3, serial_bayou_lagoon_a
D:9:      layout_irregular_city, lightli_temple_of_fire,
          nicolae_overflow_macrodata_refinement, hiddenorc1_lemuel,
          serial_shops, shop, shop, shop, nicolae_shop_mannequins, shop
D:10:     layout_basic, grunt_temple_overflow_open, nzn_wu_jian_council_hall
D:11:     layout_cave_pools, hangedman_decor_push, uniq_erica, uniq_psyche
D:12:     layout_stronghold, uniq_rupert, uniq_nergalle
D:13:     layout_rooms, hellmonk_ghost_happy_afterlife
D:14:     layout_basic, skrybe_vaults_entry_preservation,
          hangedman_decor_diamond_cutter, uniq_jorgrun, uniq_roxanne
D:15:     gammafunk_enter_depths_forms, layout_stronghold,
          nicolae_qazlal_eye_of_the_storm, grunt_ministairs_15
Lair:1:   layout_hall_layers
Lair:2:   layout_small_grid, nicolae_swamp_entry_splash_gauntlet,
          minmay_snake_entry_six_corridors, gauntlet_entry_generic,
          portal_ice_cave_demonic_guard, chequers_serial_rivers_small_3,
          beast_lair_carwin_4
Lair:3:   layout_layer_cave, chequers_serial_rivers_small_b, st_stairs_8,
          grunt_megastairs_5, uniq_urug
Lair:4:   layout_misc_corridors, minmay_slime_entry_pillars, grunt_megastairs_2,
          serial_bayou_shore_a
Lair:5:   minmay_lair_end_enchanted_forest, layout_gridlike,
          cheibrodos_lair_lostbears
Orc:1:    layout_caves, mines1_david
Orc:2:    grunt_orc_tribal_feast, layout_caves, basic_altar

Skill      XL: |  1  2  3  4  5  6  7  8  9 10 11 12 13 14 15 |
---------------+----------------------------------------------+-----
Polearms       | 2 4 5 6 8 10 11 12 13 14 | 14.5
Shields        | 4 5 7 8 10 12 | 12.6
Dodging        | 3 4 5 6 8 9 |  9.0
Fighting       | 3 5 6 8 9 10 11 | 11.2
Invocations    | 2 5 6 |  6.2

Action                     |  1- 3 |  4- 6 |  7- 9 | 10-12 | 13-15 || total
---------------------------+-------+-------+-------+-------+-------++-------
  Melee: Trident           |    94 |    42 |   334 |  1132 |  1650 ||  3252
  Throw: Throwing net      |     1 |       |       |       |       ||     1
         Large rock        |       |       |     1 |     6 |     4 ||    11
         Dart              |       |       |       |     3 |       ||     3
 Invoke: Bind Soul         |       |       |       |     1 |     1 ||     2
         Recall Undead Har |       |       |       |       |     5 ||     5
  Evoke: Wand              |     2 |     2 |       |     8 |     2 ||    14
         Condenser vane    |       |       |       |       |     1 ||     1
         Phial of floods   |       |       |       |       |     1 ||     1
    Use: Scroll            |     5 |       |    11 |     9 |     4 ||    29
         Potion            |       |       |     4 |     9 |     4 ||    17
   Stab: Sleeping          |     4 |       |       |       |       ||     4
         Distracted        |       |       |     1 |     4 |     9 ||    14
 Armour: Robe              |    36 |    23 |   160 |   538 |   548 ||  1305
         Skin              |       |       |       |     2 |       ||     2
  Dodge: Dodged            |    18 |    17 |    86 |   379 |   459 ||   959
  Block: Kite shield       |    21 |    10 |   111 |   365 |   556 ||  1063
